[Event "Kupreichik Memorial Rapid 2019"]
[Site "Minsk"]
[Date "2019.08.17"]
[Round "9.38"]
[White "Makarau, Yauheni"]
[Black "Karlov, Egor"]
[Result "0-1"]
[ECO "C01"]
[WhiteElo "1459"]
[BlackElo "1728"]
[Annotator "NA"]
[PlyCount "80"]
[EventDate "2019.08.15"]
[EventType "swiss"]
[EventCountry "BLR"]
[SourceTitle "playchess.com"]
[Source "ChessBase"]
[SourceQuality "1"]
[TimeControl "900+10"]

1. e4 e6 2. d4 d5 3. exd5 exd5 4. Bd3 Nf6 5. Nf3 Bd6 6. O-O O-O 7. c3 c6 8. Bg5 Nbd7 9. Nbd2 Qc7 10. Qc2 h6 11. Bh4 Nh5 12. Rfe1 Nf4 13. Bf5 Nb6 14. Bg3 Bxf5 15. Qxf5 Rfe8 16. Ne5 Bxe5 17. dxe5 Ne6 18. Nf3 Nd7 19. Nd4 Ndc5 20. f3 Qb6 21. b4 Nxd4 22. cxd4 Ne6 23. Bf2 Qxb4 24. Rab1 Qe7 25. Re2 Rac8 26. Reb2 b6 27. Be1 Nxd4 28. Qd3 Qxe5 29. Bc3 Ne2+ 30. Rxe2 Qxe2 31. Qd4 Qe3+ 32. Qxe3 Rxe3 33. Bd4 Re2 34. a3 c5 35. Kf1 Re6 36. Bf2 d4 37. Rd1 Rce8 38. Rd2 Kh7 39. g4 Rd8 40. h4 b5 0-1

[Event "Kupreichik Memorial Rapid 2019"]
[Site "Minsk"]
[Date "2019.08.17"]
[Round "9.39"]
[White "Patokova, Viktoriya"]
[Black "Kasperovich, Mikhail"]
[Result "1-0"]
[ECO "C01"]
[WhiteElo "1503"]
[BlackElo "1324"]
[Annotator "NA"]
[PlyCount "69"]
[EventDate "2019.08.15"]
[EventType "swiss"]
[EventCountry "BLR"]
[SourceTitle "playchess.com"]
[Source "ChessBase"]
[SourceQuality "1"]
[TimeControl "900+10"]

1. e4 e6 2. d4 d5 3. exd5 exd5 4. Nf3 Nf6 5. Bg5 Bg4 6. h3 Bh5 7. Bd3 Bd6 8. O-O O-O 9. c4 dxc4 10. Bxc4 c6 11. Nc3 Nbd7 12. a3 a5 13. Qd3 Bg6 14. Qd2 h6 15. Bh4 Qc7 16. Rfe1 Bf4 17. Qe2 Rfe8 18. Qf1 Ne4 19. Bd3 Nd2 20. Nxd2 Bxd2 21. Rxe8+ Rxe8 22. Bxg6 fxg6 23. Qd3 Bf4 24. Qxg6 Rf8 25. Ne4 Kh8 26. Re1 Qc8 27. Nd6 Bxd6 28. Qxd6 Nb6 29. Re7 Nd5 30. Re6 Nf4 31. Re7 Nd5 32. Rd7 Nb6 33. Rc7 Qb8 34. Qe7 Nd5 35. Qxg7# 1-0

[Event "Kupreichik Memorial Rapid 2019"]
[Site "Minsk"]
[Date "2019.08.17"]
[Round "9.40"]
[White "Lavrishchev, Matvei"]
[Black "Karmishyn, Vadzim"]
[Result "0-1"]
[ECO "B09"]
[WhiteElo "1175"]
[BlackElo "1494"]
[Annotator "NA"]
[PlyCount "41"]
[EventDate "2019.08.15"]
[EventType "swiss"]
[EventCountry "BLR"]
[SourceTitle "playchess.com"]
[Source "ChessBase"]
[SourceQuality "1"]
[TimeControl "900+10"]

1. e4 d6 2. d4 Nf6 3. Nc3 g6 4. f4 Bg7 5. Nf3 O-O 6. Be2 c5 7. d5 Nbd7 8. Be3 Ng4 9. Bg1 Qa5 10. h3 Bxc3+ 11. bxc3 Qxc3+ 12. Nd2 Qg3+ 13. Kf1 Qxf4+ 14. Nf3 Ngf6 15. Bd3 Nxe4 16. Bh2 Ng3+ 17. Bxg3 Qxg3 18. c4 Nf6 19. Qd2 e6 20. dxe6 fxe6 21. Qf2 0-1

[Event "Kupreichik Memorial Rapid 2019"]
[Site "Minsk"]
[Date "2019.08.17"]
[Round "10.1"]
[White "Zhigalko, Sergei"]
[Black "Tsaruk, Maksim"]
[Result "1/2-1/2"]
[ECO "C02"]
[WhiteElo "2574"]
[BlackElo "2230"]
[Annotator "ChessBase"]
[PlyCount "68"]
[EventDate "2019.08.15"]
[EventType "swiss"]
[EventCountry "BLR"]
[SourceTitle "playchess.com"]
[Source "ChessBase"]
[SourceQuality "1"]
[TimeControl "900+10"]

1. e4 e6 2. d4 d5 3. e5 c5 4. c3 Qb6 5. Nf3 Nc6 6. a3 c4 7. Nbd2 Na5 8. Be2 Bd7 9. O-O Ne7 10. Rb1 Qc7 11. h4 Nc8 12. h5 h6 13. Qe1 Nb6 14. Bd1 Be7 15. Nh2 O-O-O 16. f4 Rdg8 17. Bc2 g6 18. Qd1 Qd8 19. Kh1 Qe8 20. Rf3 Ba4 21. Rh3 Bxc2 22. Qxc2 Qa4 23. Qxa4 Nxa4 24. g4 b5 25. Ndf1 Nb3 26. Bd2 Kd7 27. Be1 a5 28. Ne3 g5 29. Rf3 gxf4 30. Rxf4 Rh7 31. Nf3 b4 32. cxb4 axb4 33. Bxb4 Bxb4 34. axb4 Rb8 1/2-1/2

[Event "Kupreichik Memorial Rapid 2019"]
[Site "Minsk"]
[Date "2019.08.17"]
[Round "10.3"]
[White "Sveshnikov, Evgeny"]
[Black "Lazavik, Denis"]
[Result "1/2-1/2"]
[ECO "C29"]
[WhiteElo "2483"]
[BlackElo "2347"]
[Annotator "ChessBase"]
[PlyCount "153"]
[EventDate "2019.08.15"]
[EventType "swiss"]
[EventCountry "BLR"]
[SourceTitle "playchess.com"]
[Source "ChessBase"]
[SourceQuality "1"]
[TimeControl "900+10"]

1. e4 e5 2. Nc3 Nf6 3. f4 d5 4. fxe5 Nxe4 5. Qf3 f5 6. d3 Nxc3 7. bxc3 d4 8. Qg3 Nc6 9. Be2 Be6 10. Nf3 Qd7 11. c4 Bb4+ 12. Bd2 O-O-O 13. O-O h6 14. Rab1 Be7 15. Rb5 g5 16. Rfb1 b6 17. c3 a6 18. Rd5 Bxd5 19. cxd5 Qxd5 20. c4 Qe6 21. Bd1 f4 22. Qe1 g4 23. Bxf4 Rhf8 24. Bg3 gxf3 25. Bxf3 Rxf3 26. gxf3 h5 27. Qe4 h4 28. Bf4 Rf8 29. Kf2 Kb7 30. Rg1 Qf5 31. Rg4 Qxe4 32. dxe4 d3 33. Ke3 Rd8 34. Kd2 Bb4+ 35. Kd1 Nd4 36. Bg5 Ra8 37. f4 b5 38. c5 Bxc5 39. Bxh4 Nf3 40. Bg3 Rd8 41. f5 Rd4 42. Rf4 Nxe5 43. Bf2 Rc4 44. Bxc5 Rxc5 45. h4 Rc6 46. f6 Nf7 47. Kd2 Rc2+ 48. Kxd3 Rxa2 49. Rf5 Kc6 50. Ke3 Kd6 51. h5 Ke6 52. Rc5 Kxf6 53. Rxc7 Ne5 54. Rb7 Kg5 55. Kd4 Nf3+ 56. Kd5 Kxh5 57. e5 Ng5 58. Rb6 Ra4 59. Rb8 Kg4 60. Rg8 Ra1 61. Ra8 Kf4 62. Rf8+ Kg4 63. Rb8 Rd1+ 64. Kc6 Kf5 65. Rf8+ Kxe5 66. Re8+ Ne6 67. Kb6 Rd6+ 68. Ka5 Kd5 69. Rc8 Nc5 70. Rxc5+ Kd4 71. Rc1 Rd5 72. Rc6 Rc5 73. Rxa6 Kc3 74. Rh6 b4+ 75. Ka4 b3 76. Rh3+ Kc4 77. Rxb3 1/2-1/2

[Event "Kupreichik Memorial Rapid 2019"]
[Site "Minsk"]
[Date "2019.08.17"]
[Round "10.4"]
[White "Balashov, Yuri S"]
[Black "Pakhomov, Alexey"]
[Result "1-0"]
[ECO "A06"]
[WhiteElo "2474"]
[BlackElo "2315"]
[Annotator "ChessBase"]
[PlyCount "117"]
[EventDate "2019.08.15"]
[EventType "swiss"]
[EventCountry "BLR"]
[SourceTitle "playchess.com"]
[Source "ChessBase"]
[SourceQuality "1"]
[TimeControl "900+10"]

1. Nf3 d5 2. d4 c6 3. e3 e6 4. c4 f5 5. Nc3 Nf6 6. Bd3 Bd6 7. O-O O-O 8. b3 Ne4 9. Bb2 Nd7 10. Rc1 Rf6 11. Ne2 Rh6 12. Ne5 Qh4 13. h3 Nxe5 14. dxe5 Be7 15. Qe1 Ng5 16. Nf4 Nf3+ 17. gxf3 g5 18. Kh2 gxf4 19. Rg1+ Kf7 20. Bf1 Bd7 21. Rd1 Rg8 22. Rxg8 Kxg8 23. Bc1 Bg5 24. cxd5 cxd5 25. Rd4 Rg6 26. exf4 Be7 27. b4 a6 28. Be3 Qh5 29. Qd1 Bb5 30. Bxb5 axb5 31. Rd3 Kf7 32. Bd4 Rh6 33. Qf1 Qh4 34. Be3 Qh5 35. Bd2 Rg6 36. Rc3 Rh6 37. Rc7 Qxf3 38. Qg2 Qxg2+ 39. Kxg2 Rg6+ 40. Kf1 d4 41. Rxb7 Rg8 42. Rxb5 Ra8 43. Ra5 Rb8 44. a3 d3 45. Be3 Rc8 46. Bc5 Bxc5 47. Rxc5 Rd8 48. Ke1 d2+ 49. Kd1 Rd3 50. a4 Rd4 51. Rb5 Ke7 52. a5 Kd7 53. a6 Kc6 54. a7 Kxb5 55. a8=Q Kxb4 56. Qc8 Kb3 57. Qxe6+ Kc3 58. Qxf5 Rd3 59. Qxd3+ 1-0

[Event "Kupreichik Memorial Rapid 2019"]
[Site "Minsk"]
[Date "2019.08.17"]
[Round "10.5"]
[White "Paravyan, David"]
[Black "Veremeichik, Vladimir"]
[Result "1-0"]
[ECO "B31"]
[WhiteElo "2605"]
[BlackElo "2282"]
[Annotator "ChessBase"]
[PlyCount "83"]
[EventDate "2019.08.15"]
[EventType "swiss"]
[EventCountry "BLR"]
[SourceTitle "playchess.com"]
[Source "ChessBase"]
[SourceQuality "1"]
[TimeControl "900+10"]

1. e4 c5 2. Nf3 Nc6 3. Bb5 g6 4. O-O Bg7 5. Re1 Nf6 6. e5 Nd5 7. Nc3 Nc7 8. Bxc6 dxc6 9. Ne4 Ne6 10. d3 O-O 11. Be3 b6 12. Qd2 f5 13. exf6 exf6 14. Bh6 a5 15. Bxg7 Kxg7 16. h4 Ra7 17. h5 g5 18. Rad1 Nf4 19. Qc3 Nd5 20. Qa3 Bg4 21. d4 c4 22. Ng3 Qd7 23. h6+ Kg8 24. Re4 c3 25. Rd3 Bf5 26. Nxf5 Qxf5 27. Re1 cxb2 28. Qxb2 b5 29. a4 b4 30. Qb3 Kf7 31. Ne5+ fxe5 32. Rf3 Kg6 33. Rxf5 Rxf5 34. Rxe5 Rxe5 35. dxe5 Re7 36. Qd3+ Kxh6 37. Qf5 Kh5 38. g3 Rc7 39. f4 Rg7 40. Qh3+ Kg6 41. Qe6+ Kh5 42. g4+ 1-0

[Event "Kupreichik Memorial Rapid 2019"]
[Site "Minsk"]
[Date "2019.08.17"]
[Round "10.6"]
[White "Meshkov, Yuri A."]
[Black "Teterev, Vitaly"]
[Result "0-1"]
[ECO "A45"]
[WhiteElo "2336"]
[BlackElo "2474"]
[Annotator "ChessBase"]
[PlyCount "100"]
[EventDate "2019.08.15"]
[EventType "swiss"]
[EventCountry "BLR"]
[SourceTitle "playchess.com"]
[Source "ChessBase"]
[SourceQuality "1"]
[TimeControl "900+10"]

1. d4 Nf6 2. Bf4 c5 3. e3 d6 4. c3 Nbd7 5. Nf3 Nh5 6. Bg5 h6 7. Bh4 g5 8. Nfd2 Ng7 9. Bg3 Nf5 10. Bd3 Nxg3 11. hxg3 Bg7 12. g4 Nf6 13. Be2 Qd7 14. f3 Nd5 15. Qb3 Nc7 16. dxc5 dxc5 17. Bc4 O-O 18. a4 b6 19. Ne4 Rb8 20. Nbd2 a6 21. Nxc5 Qc6 22. Nce4 b5 23. axb5 axb5 24. Be2 Nd5 25. Nf1 Be6 26. Qc2 Rfc8 27. Qd2 Rd8 28. Rd1 Qb6 29. Qc1 Rdc8 30. Qd2 Ra8 31. Qd3 Nc7 32. Rd2 Ra1+ 33. Kf2 Raa8 34. Neg3 b4 35. c4 Na6 36. Nf5 Nc5 37. Qb1 Bxf5 38. gxf5 Nb3 39. Rd5 Qf6 40. Bd1 Ra1 41. Qc2 Nc1 42. Rd4 b3 43. Qd2 Qb6 44. c5 Qa5 45. Qxa5 Rxa5 46. Rd7 Bxb2 47. Rxh6 Bf6 48. Rb7 b2 49. Rxf6 exf6 50. Rxb2 Nd3+ 0-1

[Event "Kupreichik Memorial Rapid 2019"]
[Site "Minsk"]
[Date "2019.08.17"]
[Round "10.7"]
[White "Mikhailovsky, Vladimir"]
[Black "Pogosian, Manvel"]
[Result "1-0"]
[ECO "B11"]
[WhiteElo "2209"]
[BlackElo "2383"]
[Annotator "NA"]
[PlyCount "87"]
[EventDate "2019.08.15"]
[EventType "swiss"]
[EventCountry "BLR"]
[SourceTitle "playchess.com"]
[Source "ChessBase"]
[SourceQuality "1"]
[TimeControl "900+10"]

1. e4 c6 2. Nc3 d5 3. Nf3 Bg4 4. h3 Bxf3 5. Qxf3 e6 6. g3 Nd7 7. Bg2 Ngf6 8. O-O Bc5 9. b3 O-O 10. Bb2 a5 11. a4 Bd4 12. d3 Qb6 13. Rab1 Qc5 14. Ne2 Bxb2 15. Rxb2 Rad8 16. Qf4 dxe4 17. Bxe4 Qh5 18. Bf3 Qxh3 19. b4 e5 20. Qe3 Ng4 21. Bxg4 Qxg4 22. f3 Qe6 23. bxa5 Ra8 24. Rxb7 Rxa5 25. Ra1 Rfa8 26. Rb4 Nc5 27. Nc3 Qe7 28. Rc4 Ne6 29. Rb1 h5 30. Kf2 Qd7 31. Rh1 g6 32. g4 Nf4 33. gxh5 Nxh5 34. Ne4 Qf5 35. Qh6 Qf4 36. Rxh5 Qxh6 37. Rxh6 Rxa4 38. Rxc6 Kg7 39. Rh1 Ra2 40. Rc7 Rd8 41. Ke3 Ra6 42. Ng5 Rf6 43. Rh7+ Kg8 44. Rhxf7 1-0

[Event "Kupreichik Memorial Rapid 2019"]
[Site "Minsk"]
[Date "2019.08.17"]
[Round "10.8"]
[White "Sychev, Klementy"]
[Black "Pein, Malcolm"]
[Result "1/2-1/2"]
[ECO "B08"]
[WhiteElo "2579"]
[BlackElo "2312"]
[Annotator "ChessBase"]
[PlyCount "49"]
[EventDate "2019.08.15"]
[EventType "swiss"]
[EventCountry "BLR"]
[SourceTitle "playchess.com"]
[Source "ChessBase"]
[SourceQuality "1"]
[TimeControl "900+10"]

1. e4 d6 2. d4 Nf6 3. Nc3 g6 4. Nf3 Bg7 5. Bg5 O-O 6. Qd2 Bg4 7. Qf4 Bxf3 8. Qxf3 c5 9. dxc5 Qa5 10. e5 dxe5 11. Qxb7 Nbd7 12. Qb5 Qc7 13. Qc4 Rfb8 14. Rb1 e4 15. Be2 Ne5 16. Bf4 Nf3+ 17. Bxf3 Qxf4 18. Nxe4 Rxb2 19. Rxb2 Nxe4 20. Qxe4 Bc3+ 21. Kf1 Qc1+ 22. Ke2 Qd2+ 23. Kf1 Qc1+ 24. Ke2 Qd2+ 25. Kf1 1/2-1/2

[Event "Kupreichik Memorial Rapid 2019"]
[Site "Minsk"]
[Date "2019.08.17"]
[Round "10.9"]
[White "Siniauski, Artsiom"]
[Black "Dydyshko, Viacheslav"]
[Result "0-1"]
[ECO "B52"]
[WhiteElo "2142"]
[BlackElo "2506"]
[Annotator "ChessBase"]
[PlyCount "122"]
[EventDate "2019.08.15"]
[EventType "swiss"]
[EventCountry "BLR"]
[SourceTitle "playchess.com"]
[Source "ChessBase"]
[SourceQuality "1"]
[TimeControl "900+10"]

1. e4 c5 2. Nf3 d6 3. Bb5+ Bd7 4. Bxd7+ Nxd7 5. O-O Ngf6 6. Qe2 Qc7 7. b3 e6 8. Bb2 Be7 9. c4 a6 10. Nc3 Ne5 11. Rad1 O-O 12. d4 Nxf3+ 13. Qxf3 cxd4 14. Rxd4 b5 15. cxb5 axb5 16. Nxb5 Qc2 17. Ba3 Qxa2 18. Bxd6 Bxd6 19. Nxd6 Rab8 20. Rd3 Nd7 21. Qe3 Ne5 22. Rc3 Rfd8 23. Qc5 f6 24. f4 Nd7 25. Qc4 Nf8 26. e5 Qa5 27. Qd4 Qb6 28. Qxb6 Rxb6 29. Ra1 fxe5 30. fxe5 Ng6 31. Nc4 Rb5 32. Re3 Rdb8 33. Ra3 h6 34. Kf2 Rf8+ 35. Ke1 Nf4 36. Rg3 Rb7 37. Ra6 Rfb8 38. Rg4 Rf8 39. g3 Nd3+ 40. Ke2 Rxb3 41. Rxe6 Rf2+ 42. Ke3 Nxe5+ 43. Kxf2 Nxg4+ 44. Kg2 Rc3 45. Nd2 Rc2 46. Rd6 Kf7 47. h3 Ne5 48. Kf1 Ke7 49. Rd4 Ke6 50. Ke2 Ra2 51. Ke3 Ra3+ 52. Kf2 Nd3+ 53. Kg2 Nc5 54. h4 Nd3 55. Kh3 Ne5 56. Re4 Rc3 57. Rf4 g5 58. hxg5 hxg5 59. Rd4 Rc2 60. Ne4 g4+ 61. Kh4 Nf3+ 0-1

[Event "Kupreichik Memorial Rapid 2019"]
[Site "Minsk"]
[Date "2019.08.17"]
[Round "10.10"]
[White "Zhukova, Natalia"]
[Black "Kochetkov, German"]
[Result "1-0"]
[ECO "A30"]
[WhiteElo "2333"]
[BlackElo "2277"]
[Annotator "NA"]
[PlyCount "96"]
[EventDate "2019.08.15"]
[EventType "swiss"]
[EventCountry "BLR"]
[SourceTitle "playchess.com"]
[Source "ChessBase"]
[SourceQuality "1"]
[TimeControl "900+10"]

1. c4 c5 2. Nf3 Nc6 3. d4 cxd4 4. Nxd4 Nf6 5. Nc3 g6 6. e4 Bg7 7. Be3 O-O 8. Be2 d6 9. O-O Bd7 10. h3 a6 11. Nb3 a5 12. Nd2 Ne8 13. Rc1 Nd4 14. Nf3 Nxe2+ 15. Qxe2 Bc6 16. Rfd1 f5 17. exf5 Rxf5 18. Nd4 Bxd4 19. Rxd4 Ng7 20. Nd5 e6 21. Nc3 Rf7 22. Rg4 Nf5 23. Rd1 Qf6 24. Bg5 Qg7 25. Bc1 Raf8 26. f3 h5 27. Rg5 Nh4 28. Qxe6 Bxf3 29. Rxd6 Bxg2 30. Rxg2 Nxg2 31. Kxg2 Kh7 32. Be3 Re7 33. Bd4 Rxe6 34. Bxg7 Rxd6 35. Bxf8 Rd2+ 36. Kf3 Rxb2 37. Bd6 Rd2 38. Be5 Rd3+ 39. Kg2 g5 40. Ne4 Kg6 41. Nc5 Rd2+ 42. Kf3 Rc2 43. Nxb7 Rxc4 44. a3 a4 45. Bd6 Rc3+ 46. Kg2 Kf5 47. Bb4 Rc2+ 48. Kf3 h4 {Ke4+} 1-0

[Event "Kupreichik Memorial Rapid 2019"]
[Site "Minsk"]
[Date "2019.08.17"]
[Round "10.11"]
[White "Zarubitski, Viachaslau"]
[Black "Khrapko, Marharyta"]
[Result "1-0"]
[ECO "B30"]
[WhiteElo "2426"]
[BlackElo "2073"]
[Annotator "NA"]
[PlyCount "59"]
[EventDate "2019.08.15"]
[EventType "swiss"]
[EventCountry "BLR"]
[SourceTitle "playchess.com"]
[Source "ChessBase"]
[SourceQuality "1"]
[TimeControl "900+10"]

1. e4 c5 2. Nf3 Nc6 3. Bb5 d6 4. O-O Bd7 5. Re1 a6 6. Bf1 Bg4 7. h3 Bxf3 8. Qxf3 g6 9. g3 Bg7 10. Bg2 Nf6 11. Qd1 O-O 12. c3 Nd7 13. d3 Rb8 14. Be3 b5 15. d4 b4 16. e5 Na5 17. exd6 exd6 18. Nd2 bxc3 19. bxc3 Nb6 20. dxc5 dxc5 21. Bxc5 Bxc3 22. Bxf8 Qxf8 23. Rc1 Qg7 24. Qe2 h6 25. Red1 Na4 26. Ne4 Rb2 27. Qxa6 Bb4 28. Rc8+ Bf8 29. Nf6+ Kh8 30. Rdd8 1-0

[Event "Kupreichik Memorial Rapid 2019"]
[Site "Minsk"]
[Date "2019.08.17"]
[Round "10.12"]
[White "Smirnov, Valerij"]
[Black "Barskij, Vladimir"]
[Result "1/2-1/2"]
[ECO "D02"]
[WhiteElo "2261"]
[BlackElo "2389"]
[Annotator "NA"]
[PlyCount "32"]
[EventDate "2019.08.15"]
[EventType "swiss"]
[EventCountry "BLR"]
[SourceTitle "playchess.com"]
[Source "ChessBase"]
[SourceQuality "1"]
[TimeControl "900+10"]

1. d4 d5 2. Nf3 Nc6 3. g3 Bf5 4. Bg2 Nb4 5. Na3 e6 6. c3 Na6 7. Nc2 c6 8. O-O Be7 9. Ne5 Nf6 10. Ne3 Bg6 11. Nxg6 hxg6 12. c4 O-O 13. b3 Nc7 14. Bb2 a5 15. a4 Na6 16. Nc2 Nb4 1/2-1/2

[Event "Kupreichik Memorial Rapid 2019"]
[Site "Minsk"]
[Date "2019.08.17"]
[Round "10.13"]
[White "Agapov, Sergey"]
[Black "Kameko, Aleksandr"]
[Result "1/2-1/2"]
[ECO "D10"]
[WhiteElo "2265"]
[BlackElo "2045"]
[Annotator "NA"]
[PlyCount "58"]
[EventDate "2019.08.15"]
[EventType "swiss"]
[EventCountry "BLR"]
[SourceTitle "playchess.com"]
[Source "ChessBase"]
[SourceQuality "1"]
[TimeControl "900+10"]

1. d4 d5 2. c4 c6 3. cxd5 cxd5 4. Nc3 Nc6 5. e4 e6 6. e5 Nge7 7. g4 h5 8. f3 Ng6 9. Be3 Bb4 10. Bd3 Ngxe5 11. dxe5 d4 12. Be4 dxc3 13. Bxc6+ bxc6 14. Qxd8+ Kxd8 15. O-O-O+ Kc7 16. b3 Ba6 17. Kc2 Rad8 18. Rd4 c5 19. Rf4 Bd3+ 20. Kc1 Rhf8 21. Rxb4 cxb4 22. Nh3 hxg4 23. fxg4 Rd5 24. Nf4 Rxe5 25. Bd4 Re4 26. Bc5 Rd8 27. Bf2 Rxf4 28. Bg3 e5 29. Re1 f6 1/2-1/2

[Event "Kupreichik Memorial Rapid 2019"]
[Site "Minsk"]
[Date "2019.08.17"]
[Round "10.14"]
[White "Svjatocho, Andrej"]
[Black "Mochalov, Evgeny V"]
[Result "0-1"]
[ECO "B21"]
[WhiteElo "1995"]
[BlackElo "2374"]
[Annotator "NA"]
[PlyCount "122"]
[EventDate "2019.08.15"]
[EventType "swiss"]
[EventCountry "BLR"]
[SourceTitle "playchess.com"]
[Source "ChessBase"]
[SourceQuality "1"]
[TimeControl "900+10"]

1. e4 c5 2. f4 g6 3. Nf3 Bg7 4. Nc3 Nc6 5. g3 d6 6. Bg2 Nf6 7. O-O O-O 8. d3 Rb8 9. a4 a6 10. h3 b5 11. axb5 axb5 12. g4 b4 13. Ne2 Ne8 14. f5 Nc7 15. Nf4 Nb5 16. Nd2 Ne5 17. Nd5 Bb7 18. f6 exf6 19. Ne3 Nd4 20. Ndc4 Qc7 21. c3 bxc3 22. bxc3 Nb5 23. Qc2 Ra8 24. Bd2 Rxa1 25. Rxa1 Ra8 26. Rb1 Na3 27. Nxa3 Rxa3 28. Qb2 Ra7 29. d4 Nd3 30. Qb5 Nf4 31. Qe8+ Bf8 32. Nd5 Nxd5 33. exd5 cxd4 34. Rc1 Ra8 35. Qe1 dxc3 36. Bxc3 Qb6+ 37. Kh2 Bg7 38. Rb1 Qc7 39. Qd2 Rc8 40. Bd4 Ba6 41. Ra1 Bb5 42. Qb2 Bd3 43. Ra3 Qc2 44. Qa1 Be4 45. Ra2 Qd3 46. Bxf6 Bxf6 47. Qxf6 Bxg2 48. Rxg2 Qxd5 49. Qf4 Qe5 50. Qxe5 dxe5 51. Re2 f6 52. g5 Kf7 53. gxf6 Kxf6 54. Re3 g5 55. Kg3 Rc4 56. Ra3 h5 57. Ra6+ Kf5 58. Ra8 h4+ 59. Kf3 Rc3+ 60. Kg2 Rc2+ 61. Kf3 e4+ 0-1

[Event "Kupreichik Memorial Rapid 2019"]
[Site "Minsk"]
[Date "2019.08.17"]
[Round "10.15"]
[White "Sarbay, Aleksandr"]
[Black "Maryasin, Boris"]
[Result "1/2-1/2"]
[ECO "B40"]
[WhiteElo "2115"]
[BlackElo "2302"]
[Annotator "NA"]
[PlyCount "91"]
[EventDate "2019.08.15"]
[EventType "swiss"]
[EventCountry "BLR"]
[SourceTitle "playchess.com"]
[Source "ChessBase"]
[SourceQuality "1"]
[TimeControl "900+10"]

1. e4 c5 2. Nf3 e6 3. d3 Nc6 4. g3 g6 5. d4 cxd4 6. Nxd4 d5 7. Bb5 Bd7 8. exd5 exd5 9. O-O Bg7 10. Re1+ Nge7 11. Bxc6 bxc6 12. Bg5 f6 13. Bf4 Kf7 14. Nc3 Re8 15. Qd2 Nf5 16. Na4 g5 17. Nxf5 Bxf5 18. Rxe8 Qxe8 19. Re1 Qf8 20. Be3 Qd8 21. Nc5 Bf8 22. Bd4 Bd6 23. c3 Qf8 24. b4 Re8 25. Rxe8 Qxe8 26. Qe3 Qc8 27. a4 Bh3 28. Qf3 Be7 29. a5 Bg4 30. Qe3 Qf5 31. Qd3 Qxd3 32. Nxd3 a6 33. Kf1 h5 34. Nc5 Bc8 35. f3 Kg6 36. Kf2 Bd6 37. h3 Bxc5 38. Bxc5 Bxh3 39. Bd4 Bc8 40. Kg2 f5 41. f4 h4 42. fxg5 Kxg5 43. gxh4+ Kxh4 44. Kf3 Kg5 45. Be3+ Kf6 46. Kf4 1/2-1/2

[Event "Kupreichik Memorial Rapid 2019"]
[Site "Minsk"]
[Date "2019.08.17"]
[Round "10.16"]
[White "Oblamski, Vladimir"]
[Black "Vashchilov, Sergey"]
[Result "1-0"]
[ECO "C02"]
[WhiteElo "2088"]
[BlackElo "2162"]
[Annotator "NA"]
[PlyCount "51"]
[EventDate "2019.08.15"]
[EventType "swiss"]
[EventCountry "BLR"]
[SourceTitle "playchess.com"]
[Source "ChessBase"]
[SourceQuality "1"]
[TimeControl "900+10"]

1. e4 e6 2. d4 d5 3. e5 c5 4. c3 Qb6 5. Nf3 Nc6 6. a3 Nh6 7. b4 cxd4 8. Bxh6 gxh6 9. b5 Na5 10. cxd4 Bd7 11. Nbd2 Rc8 12. a4 Bb4 13. Rb1 Bc3 14. Bd3 Bxd4 15. O-O O-O 16. Rb4 Bc3 17. Rh4 Kg7 18. Nb1 f5 19. Nxc3 Be8 20. Ne2 Bg6 21. Rb4 Qc5 22. Qd2 Qe7 23. Rh4 Nb3 24. Qxh6+ Kg8 25. Nf4 Qe8 26. Ng5 1-0

[Event "Kupreichik Memorial Rapid 2019"]
[Site "Minsk"]
[Date "2019.08.17"]
[Round "10.17"]
[White "Kalinin, Dmitry"]
[Black "Zvereva, Margarita"]
[Result "0-1"]
[ECO "D35"]
[WhiteElo "2119"]
[BlackElo "1678"]
[Annotator "NA"]
[PlyCount "90"]
[EventDate "2019.08.15"]
[EventType "swiss"]
[EventCountry "BLR"]
[SourceTitle "playchess.com"]
[Source "ChessBase"]
[SourceQuality "1"]
[TimeControl "900+10"]

1. d4 d5 2. c4 e6 3. Nc3 Nf6 4. cxd5 exd5 5. Qc2 Be7 6. Bf4 c6 7. e3 Nbd7 8. h3 Nf8 9. Bd3 Ng6 10. Bg5 Nd7 11. Bxe7 Qxe7 12. Nge2 Qg5 13. g3 Nf6 14. O-O-O Bd7 15. h4 Qh5 16. Nf4 Nxf4 17. gxf4 g6 18. Qb3 b6 19. Qa3 Qg4 20. f5 gxf5 21. Qd6 Qg6 22. h5 Qh6 23. Bxf5 O-O-O 24. Qxc6+ Kb8 25. Qd6+ Kb7 26. Bd3 Bg4 27. Qa3 Bxd1 28. Ba6+ Kb8 29. Rxd1 Ne4 30. Qe7 Qc6 31. Bb5 Qc7 32. Qxc7+ Kxc7 33. Nxe4 dxe4 34. Kd2 Rd5 35. Be2 Rf5 36. Rc1+ Kd6 37. Ke1 Rg8 38. Kf1 Rfg5 39. Ke1 Rg1+ 40. Bf1 Rh1 41. d5 Kxd5 42. Kd2 Kd6 43. Bc4 Rxc1 44. Kxc1 Rc8 45. Kd2 Ke5 0-1

[Event "Kupreichik Memorial Rapid 2019"]
[Site "Minsk"]
[Date "2019.08.17"]
[Round "10.18"]
[White "Sadovnikov, Konstantin"]
[Black "Kharin, Mikhail"]
[Result "0-1"]
[ECO "B06"]
[WhiteElo "1798"]
[BlackElo "2156"]
[Annotator "NA"]
[PlyCount "136"]
[EventDate "2019.08.15"]
[EventType "swiss"]
[EventCountry "BLR"]
[SourceTitle "playchess.com"]
[Source "ChessBase"]
[SourceQuality "1"]
[TimeControl "900+10"]

1. e4 g6 2. d4 Bg7 3. Nc3 d6 4. Be3 a6 5. Qd2 b5 6. O-O-O Bb7 7. f3 Nd7 8. h4 h5 9. Nh3 c5 10. Ne2 Ngf6 11. Ng5 Rc8 12. Kb1 O-O 13. Rg1 Nb6 14. Nc1 cxd4 15. Bxd4 Nc4 16. Bxc4 Rxc4 17. Nb3 Qc7 18. Qf2 Rc8 19. Rc1 Rc6 20. Qd2 Rc4 21. Qf2 Rc6 22. Rgd1 a5 23. Be3 e5 24. Qd2 b4 25. Na1 Rc4 26. Qxd6 a4 27. Qxc7 R4xc7 28. Bd2 Bf8 29. c3 Ba6 30. Be1 Be2 31. Rd2 Bb5 32. Bg3 Nd7 33. Rd5 Bc4 34. Rd2 bxc3 35. bxc3 Ba3 36. Re1 Rb7+ 37. Kc2 Bxa2 38. Rxd7 Rxd7 39. Bxe5 Bc4 40. Bd4 Rb8 41. Kd2 Rb2+ 42. Ke3 Rxg2 43. Rb1 Bd6 44. e5 Be7 45. Ne4 Rd8 46. Rb7 Bxh4 47. Rb4 Bb3 48. Nxb3 axb3 49. Rxb3 Bf2+ 50. Kd3 h4 51. Nf6+ Kg7 52. Ng4 Bxd4 53. cxd4 h3 54. Rb1 Ra2 55. Rh1 Ra4 56. Rxh3 Raxd4+ 57. Ke3 Rd3+ 58. Ke2 Rd2+ 59. Ke3 R8d3+ 60. Ke4 Rd4+ 61. Ke3 R2d3+ 62. Ke2 Ra3 63. Nf6 g5 64. Rg3 Kg6 65. Ng4 Rb4 66. Nf2 Rb2+ 67. Kf1 Ra1+ 68. Kg2 Raa2 0-1

[Event "Kupreichik Memorial Rapid 2019"]
[Site "Minsk"]
[Date "2019.08.17"]
[Round "10.19"]
[White "Kochetkov, Vitali"]
[Black "Dvurechensky, Viacheslav"]
[Result "1-0"]
[ECO "A12"]
[WhiteElo "2266"]
[BlackElo "1840"]
[Annotator "NA"]
[PlyCount "49"]
[EventDate "2019.08.15"]
[EventType "swiss"]
[EventCountry "BLR"]
[SourceTitle "playchess.com"]
[Source "ChessBase"]
[SourceQuality "1"]
[TimeControl "900+10"]

1. c4 c6 2. b3 Nf6 3. Bb2 d5 4. Nf3 Bf5 5. e3 e6 6. Be2 h6 7. d3 Be7 8. Nbd2 Na6 9. Ne5 dxc4 10. Ndxc4 Bb4+ 11. Kf1 O-O 12. g4 Bh7 13. h4 Nd7 14. Nxd7 Qxd7 15. g5 f6 16. Rg1 Bf5 17. Rg3 fxg5 18. e4 Bh7 19. hxg5 Qf7 20. Rf3 Qe7 21. gxh6 Qh4 22. Kg2 Rxf3 23. Bxf3 Qxh6 24. Qe2 b5 25. Ne5 1-0